TOP OF THE 1ST |
Maris School batting - Pitching for Newport News HS Paints : LHP Kelly Shaw
|
Pitching: LHP Kelly Shaw
|
|
Batting: LHB Ryan Martin
|
0-0: Ball 1-0: Called Strike 1-1: Ball 2-1: Foul Ball, location: 2F 2-2: Foul Ball, location: 2F 2-2: Strikes out swinging
|
Batting: RHB Doug Carter
|
0-0: Swinging Strike 0-1: Fly out, F8 (Flyball, 8LM)
|
Batting: RHB Dan Duckworth
|
0-0: Ball 1-0: SINGLE (Line Drive, 5)
|
Batting: RHB John Scammell
|
0-0: Called Strike 0-1: Foul Ball, location: 2F 0-2: Ball 1-2: Ball 2-2: Strikes out swinging
|
Top of the 1st over - 0 run(s), 1 hit(s), 0 error(s), 1 left on base; Maris School 0 - Newport News HS 0 |
BOTTOM OF THE 1ST |
Newport News HS Paints batting - Pitching for Maris School : LHP Brant Goff
|
Pitching: LHP Brant Goff
|
|
Batting: RHB John Graham
|
0-0: Ball 1-0: Ground out 6-3 (Groundball, 6)
|
Batting: RHB Paul Nelson
|
0-0: Called Strike 0-1: Swinging Strike 0-2: Ball 1-2: Ball 2-2: Ground out 4-3 (Groundball, 4)
|
Batting: RHB Lynn Johnson
|
0-0: Called Strike 0-1: Called Strike 0-2: Ball 1-2: DOUBLE (Groundball, 5L)
|
Batting: RHB Wilfred Martin
|
0-0: Ball 1-0: Called Strike 1-1: SINGLE (Flyball, 8RS) Lynn Johnson to third Runner from 3rd tries for Home, SAFE, no throw or cutoff
|
Batting: LHB Juan Lima
|
0-0: Ball 1-0: Ball 2-0: Called Strike 2-1: Ball 3-1: DOUBLE (Line Drive, 9LS) Wilfred Martin to third
|
Batting: RHB Seth O'Toole
|
0-0: SINGLE (Groundball, 6MD) Wilfred Martin scores Juan Lima to third Runner from 3rd tries for Home, SAFE, no throw or cutoff
|
Batting: RHB Steve Stephens
|
0-0: Called Strike 0-1: DOUBLE (Flyball, 89M) Seth O'Toole to third
|
Batting: LHB William Donnelly
|
0-0: Foul Ball, location: 2F 0-1: Swinging Strike 0-2: Ball 1-2: Ball 2-2: Fly out, F5 (Popup, 56)
|
Bottom of the 1st over - 3 run(s), 5 hit(s), 0 error(s), 2 left on base; Maris School 0 - Newport News HS 3 |
TOP OF THE 2ND |
Maris School batting - Pitching for Newport News HS Paints : LHP Kelly Shaw
|
Batting: RHB Dave McGuire
|
0-0: Called Strike 0-1: Ball 1-1: Ground out 5-3 (Groundball, 56)
|
Batting: RHB Bruce Adams
|
0-0: Ball 1-0: SINGLE (Groundball, 4MD)
|
Batting: RHB Zane Heath
|
0-0: Foul Ball, location: 2F 0-1: Ball 1-1: Ball 2-1: Swinging Strike 2-2: Foul Ball, location: 2F 2-2: Strikes out swinging
|
Batting: LHB Dustin Wesman
|
0-0: Ball 1-0: Ball 2-0: DOUBLE (Flyball, 9M) Bruce Adams to third Runner from 3rd tries for Home, SAFE, no throw or cutoff
|
Batting: RHB Ed Jackson
|
0-0: Ball 1-0: Ground out 5-3 (Groundball, 5)
|
Top of the 2nd over - 1 run(s), 2 hit(s), 0 error(s), 1 left on base; Maris School 1 - Newport News HS 3 |
BOTTOM OF THE 2ND |
Newport News HS Paints batting - Pitching for Maris School : LHP Brant Goff
|
Batting: LHB Mark Wilson
|
0-0: Called Strike 0-1: Swinging Strike 0-2: Foul Ball, location: 2F 0-2: Ball 1-2: Strikes out looking
|
Batting: RHB John Graham
|
0-0: Foul Ball, location: 2F 0-1: Foul Ball, location: 2F 0-2: Ball 1-2: Fly out, F4 (Popup, 4MS)
|
Batting: RHB Paul Nelson
|
0-0: Called Strike 0-1: Ball 1-1: Ball 2-1: Ball 3-1: Base on Balls
|
Batting: RHB Lynn Johnson
|
0-0: Called Strike 0-1: Ball 1-1: Ball 2-1: Foul Ball, location: 2F 2-2: Fly out, F8 (Flyball, 8LS)
|
Bottom of the 2nd over - 0 run(s), 0 hit(s), 0 error(s), 1 left on base; Maris School 1 - Newport News HS 3 |
TOP OF THE 3RD |
Maris School batting - Pitching for Newport News HS Paints : LHP Kelly Shaw
|
Batting: LHB Ryan Martin
|
0-0: Ball 1-0: Foul Ball, location: 2F 1-1: SINGLE (Groundball, 4MD) (infield hit)
|
Batting: RHB Doug Carter
|
0-0: Swinging Strike 0-1: Called Strike 0-2: Strikes out looking
|
Batting: RHB Dan Duckworth
|
0-0: Called Strike 0-1: Ball 1-1: Fly out, F7 (Flyball, 7M)
|
Batting: RHB John Scammell
|
0-0: Ball 1-0: Ball 2-0: Ball 3-0: Base on Balls Ryan Martin to second
|
Batting: RHB Dave McGuire
|
0-0: Ball 1-0: Called Strike 1-1: Foul Ball, location: 2F 1-2: Ball 2-2: Ball 3-2: Ground out 1-3 (Groundball, 15S)
|
Top of the 3rd over - 0 run(s), 1 hit(s), 0 error(s), 2 left on base; Maris School 1 - Newport News HS 3 |
BOTTOM OF THE 3RD |
Newport News HS Paints batting - Pitching for Maris School : LHP Brant Goff
|
Batting: RHB Wilfred Martin
|
0-0: Ball 1-0: Called Strike 1-1: Foul Ball, location: 2F 1-2: Ball 2-2: DOUBLE (Flyball, 9LD)
|
Batting: LHB Juan Lima
|
0-0: Ball 1-0: Ball 2-0: Ball 3-0: Called Strike 3-1: Foul Ball, location: 2F 3-2: Foul Ball, location: 2F 3-2: Base on Balls
|
Batting: RHB Seth O'Toole
|
0-0: Called Strike 0-1: Swinging Strike 0-2: Ball 1-2: Ball 2-2: Strikes out looking
|
Batting: RHB Steve Stephens
|
0-0: Foul Ball, location: 2F 0-1: Ball 1-1: Foul Ball, location: 2F 1-2: Strikes out swinging
|
Batting: LHB William Donnelly
|
0-0: Foul Ball, location: 2F 0-1: Ball 1-1: Ball 2-1: Ball 3-1: Foul Ball, location: 2F 3-2: Foul Ball, location: 2F 3-2: Base on Balls Wilfred Martin to third Juan Lima to second
|
Batting: LHB Mark Wilson
|
0-0: Swinging Strike 0-1: Foul Ball, location: 2F 0-2: Ball 1-2: Strikes out swinging
|
Bottom of the 3rd over - 0 run(s), 1 hit(s), 0 error(s), 3 left on base; Maris School 1 - Newport News HS 3 |
TOP OF THE 4TH |
Maris School batting - Pitching for Newport News HS Paints : LHP Kelly Shaw
|
Batting: RHB Bruce Adams
|
0-0: Ball 1-0: Ball 2-0: Swinging Strike 2-1: Foul Ball, location: 2F 2-2: Strikes out swinging
|
Batting: RHB Zane Heath
|
0-0: Ground out 5-3 (Groundball, 5L)
|
Batting: LHB Dustin Wesman
|
0-0: Called Strike 0-1: Ball 1-1: SINGLE (Groundball, 4MD)
|
Batting: RHB Ed Jackson
|
0-0: Ball 1-0: SINGLE (Groundball, 56D) (infield hit) Dustin Wesman to second
|
Batting: LHB Ryan Martin
|
0-0: Fly out, F9 (Flyball, 8RM)
|
Top of the 4th over - 0 run(s), 2 hit(s), 0 error(s), 2 left on base; Maris School 1 - Newport News HS 3 |
BOTTOM OF THE 4TH |
Newport News HS Paints batting - Pitching for Maris School : LHP Brant Goff
|
Batting: RHB John Graham
|
0-0: SINGLE (Groundball, 34D) (infield hit)
|
Batting: RHB Paul Nelson
|
0-0: Called Strike 0-1: Ball 1-1: Foul Ball, location: 2F Single, Error in OF, E8, batter to second base John Graham to third
|
Pitching: LHP Porter Dobie
|
|
Batting: RHB Lynn Johnson
|
0-0: Ball 1-0: Fly out, F4 (Popup, 4)
|
Batting: RHB Wilfred Martin
|
0-0: Ball 1-0: Ground out U3 (Groundball, 3)
|
Batting: LHB Juan Lima
|
0-0: Swinging Strike 0-1: SINGLE (Flyball, 78S) John Graham scores Paul Nelson to third Runner from 3rd tries for Home, SAFE, throw made home
|
Batting: RHB Seth O'Toole
|
0-0: Ball 1-0: Swinging Strike 1-1: Foul Ball, location: 2F 1-2: Fly out, F3 (Popup, 4S)
|
Bottom of the 4th over - 2 run(s), 3 hit(s), 1 error(s), 1 left on base; Maris School 1 - Newport News HS 5 |
TOP OF THE 5TH |
Maris School batting - Pitching for Newport News HS Paints : LHP Kelly Shaw
|
Batting: RHB Doug Carter
|
0-0: Ground out 6-3 (Groundball, 56)
|
Batting: RHB Dan Duckworth
|
0-0: Ground out 5-3 (Groundball, 5)
|
Batting: RHB John Scammell
|
0-0: Called Strike 0-1: Foul Ball, location: 2F 0-2: Ball 1-2: Strikes out swinging
|
Top of the 5th over - 0 run(s), 0 hit(s), 0 error(s), 0 left on base; Maris School 1 - Newport News HS 5 |
BOTTOM OF THE 5TH |
Newport News HS Paints batting - Pitching for Maris School : LHP Porter Dobie
|
Batting: RHB Steve Stephens
|
0-0: Foul Ball, location: 2F 0-1: Ball 1-1: Swinging Strike 1-2: Ball 2-2: Strikes out swinging
|
Batting: LHB William Donnelly
|
0-0: Ball 1-0: Ball 2-0: Ball 3-0: Base on Balls
|
Batting: LHB Mark Wilson
|
0-0: Ball 1-0: Ball 2-0: Called Strike 2-1: Foul Ball, location: 2F 2-2: Foul Ball, location: 2F 2-2: Foul Ball, location: 2F 2-2: Ball 3-2: Foul Ball, location: 2F 3-2: Foul Ball, location: 2F 3-2: Foul Ball, location: 2F 3-2: Base on Balls William Donnelly to second
|
Batting: RHB John Graham
|
0-0: Ball 1-0: Ball 2-0: Ball 3-0: Called Strike 3-1: Called Strike 3-2: Base on Balls William Donnelly to third Mark Wilson to second
|
Batting: RHB Paul Nelson
|
0-0: DOUBLE (Line Drive, 7LM) William Donnelly scores Mark Wilson scores John Graham to third
|
Batting: RHB Lynn Johnson
|
0-0: Ball 1-0: Ball 2-0: Foul Ball, location: 2F 2-1: Foul Ball, location: 2F 2-2: Foul Ball, location: 2F 2-2: Fly out, F9 (Flyball, 89M) Runner from 3rd tags up, SCORES, no throw
|
Batting: RHB Wilfred Martin
|
0-0: Ball 1-0: SINGLE (Line Drive, 89S) Paul Nelson to third
|
Batting: LHB Juan Lima
|
0-0: Ball 1-0: Ball 2-0: Called Strike 2-1: Foul Ball, location: 2F 2-2: Strikes out swinging
|
Bottom of the 5th over - 3 run(s), 2 hit(s), 0 error(s), 2 left on base; Maris School 1 - Newport News HS 8 |
TOP OF THE 6TH |
Maris School batting - Pitching for Newport News HS Paints : LHP Kelly Shaw
|
Batting: RHB Dave McGuire
|
0-0: SINGLE (Line Drive, 4M)
|
Batting: RHB Bruce Adams
|
0-0: SINGLE (Flyball, 8RS) Dave McGuire to second
|
Batting: RHB Zane Heath
|
0-0: Foul Ball, location: 2F 0-1: Grounds into double play, 6-4-3 (Groundball, 6) Dave McGuire to third
|
Batting: LHB Dustin Wesman
|
0-0: Ground out 1-3 (Groundball, 15)
|
Top of the 6th over - 0 run(s), 2 hit(s), 0 error(s), 1 left on base; Maris School 1 - Newport News HS 8 |
BOTTOM OF THE 6TH |
Newport News HS Paints batting - Pitching for Maris School : LHP Porter Dobie
|
Batting: RHB Seth O'Toole
|
0-0: Ball 1-0: Foul Ball, location: 2F 1-1: Called Strike 1-2: Ground out 4-3 (Groundball, 4)
|
Pitching: RHP Rafael Sierra
|
|
Batting: RHB Steve Stephens
|
0-0: Ball 1-0: Foul Ball, location: 2F 1-1: Swinging Strike 1-2: Fly out, F7 (Flyball, 7D)
|
Batting: LHB William Donnelly
|
0-0: DOUBLE (Flyball, 89D)
|
Batting: LHB Mark Wilson
|
0-0: Ball 1-0: Swinging Strike 1-1: Called Strike 1-2: Ball 2-2: Foul Ball, location: 2F 2-2: Ball 3-2: Foul Ball, location: 2F 3-2: Base on Balls
|
Batting: RHB John Graham
|
0-0: Ball 1-0: Foul Ball, location: 2F 1-1: DOUBLE (Line Drive, 9LM) William Donnelly scores Mark Wilson to third Runner from 3rd tries for Home, SAFE, throw made at trailing runner, SAFE at third!
|
Batting: RHB Paul Nelson
|
0-0: Swinging Strike 0-1: Ball 1-1: Ball 2-1: Foul Ball, location: 2F 2-2: Strikes out swinging
|
Bottom of the 6th over - 2 run(s), 2 hit(s), 0 error(s), 1 left on base; Maris School 1 - Newport News HS 10 |
TOP OF THE 7TH |
Maris School batting - Pitching for Newport News HS Paints : LHP Kelly Shaw
|
Batting: RHB Ed Jackson
|
0-0: Called Strike 0-1: Bunt for hit - play at first, batter OUT! 1-3
|
Batting: LHB Ryan Martin
|
0-0: Swinging Strike 0-1: SINGLE (Groundball, 34D)
|
Batting: RHB Doug Carter
|
0-0: Ball 1-0: Fly out, F9 (Line Drive, 9M)
|
Batting: RHB Dan Duckworth
|
0-0: Called Strike 0-1: Foul Ball, location: 2F 0-2: Strikes out swinging
|
Top of the 7th over - 0 run(s), 1 hit(s), 0 error(s), 1 left on base; Maris School 1 - Newport News HS 10 |
BOTTOM OF THE 7TH |
Newport News HS Paints batting - Pitching for Maris School : RHP Rafael Sierra
|
Batting: RHB Lynn Johnson
|
0-0: Called Strike 0-1: Swinging Strike 0-2: Strikes out swinging
|
Batting: RHB Wilfred Martin
|
0-0: Fly out, F9 (Flyball, 9S)
|
Batting: LHB Juan Lima
|
0-0: Foul Ball, location: 2F 0-1: Ball 1-1: Ball 2-1: Foul Ball, location: 2F 2-2: Ball 3-2: Base on Balls
|
Batting: RHB Seth O'Toole
|
0-0: Foul Ball, location: 2F 0-1: Swinging Strike 0-2: Ball 1-2: Foul Ball, location: 2F 1-2: Strikes out swinging
|
Bottom of the 7th over - 0 run(s), 0 hit(s), 0 error(s), 1 left on base; Maris School 1 - Newport News HS 10 |
TOP OF THE 8TH |
Maris School batting - Pitching for Newport News HS Paints : LHP Kelly Shaw
|
Pitching: RHP Steve Webb
|
|
Batting: RHB John Scammell
|
0-0: Ball 1-0: Foul Ball, location: 2F 1-1: Swinging Strike 1-2: Foul Ball, location: 2F 1-2: Strikes out swinging
|
Batting: RHB Dave McGuire
|
0-0: Swinging Strike 0-1: Called Strike 0-2: Ball 1-2: Ball 2-2: Ball 3-2: Foul Ball, location: 2F 3-2: SINGLE (Line Drive, 4D)
|
Batting: RHB Bruce Adams
|
0-0: Ball 1-0: DOUBLE (Groundball, 5L) Dave McGuire to third
|
Batting: RHB Zane Heath
|
0-0: Ball 1-0: Foul Ball, location: 2F 1-1: Foul Ball, location: 2F 1-2: Ball 2-2: Foul Ball, location: 2F 2-2: Ball 3-2: Foul Ball, location: 2F 3-2: Base on Balls
|
Batting: LHB Dustin Wesman
|
0-0: Called Strike 0-1: Ball 1-1: Fly out, F6 (Popup, 56D)
|
Batting: RHB Ed Jackson
|
0-0: Called Strike 0-1: Ball 1-1: Swinging Strike 1-2: Ball 2-2: Strikes out swinging
|
Top of the 8th over - 0 run(s), 2 hit(s), 0 error(s), 3 left on base; Maris School 1 - Newport News HS 10 |
BOTTOM OF THE 8TH |
Newport News HS Paints batting - Pitching for Maris School : RHP Rafael Sierra
|
Batting: RHB Steve Stephens
|
0-0: DOUBLE (Line Drive, 9LM)
|
Batting: LHB William Donnelly
|
0-0: Ball 1-0: 2-RUN HOME RUN (Flyball, 9D), Distance : 425 ft
|
Batting: LHB Mark Wilson
|
0-0: Called Strike 0-1: Swinging Strike 0-2: Foul Ball, location: 2F 0-2: Ball 1-2: Ball 2-2: Strikes out swinging
|
Pitching: RHP Jim Forrest
|
|
Batting: RHB John Graham
|
0-0: Called Strike 0-1: Ball 1-1: Ball 2-1: Foul Ball, location: 2F 2-2: Ball 3-2: SINGLE (Popup, 9S)
|
Batting: RHB Paul Nelson
|
0-0: Called Strike 0-1: Swinging Strike 0-2: Ball John Graham steals 2nd base 1-2: Strikes out swinging
|
Batting: RHB Lynn Johnson
|
0-0: Ground out 5-3 (Groundball, 5L)
|
Bottom of the 8th over - 2 run(s), 3 hit(s), 0 error(s), 1 left on base; Maris School 1 - Newport News HS 12 |
TOP OF THE 9TH |
Maris School batting - Pitching for Newport News HS Paints : RHP Steve Webb
|
Pitching: LHP Mathew Bentley
|
|
Batting: LHB Ryan Martin
|
0-0: Ball 1-0: Called Strike 1-1: Ball 2-1: Foul Ball, location: 2F 2-2: Strikes out looking
|
Batting: RHB Doug Carter
|
0-0: Ball 1-0: Called Strike 1-1: Foul Ball, location: 2F 1-2: Ball 2-2: Foul Ball, location: 2F 2-2: Ball 3-2: Ground out 5-3 (Groundball, 56)
|
Batting: RHB Dan Duckworth
|
0-0: Ball 1-0: Ball 2-0: Called Strike 2-1: Ball 3-1: Base on Balls
|
Batting: RHB John Scammell
|
0-0: Foul Ball, location: 2F 0-1: Ball 1-1: Ball 2-1: Swinging Strike 2-2: Strikes out swinging
|
Top of the 9th over - 0 run(s), 0 hit(s), 0 error(s), 1 left on base; Maris School 1 - Newport News HS 12 |
|